AoeStats
← raz_mary

Nomad

510148608Analyzed
2v2 RM · 3d ago on Sep 29, 2026· 44m 54s· 4 players
Game mode
Random Map
Map size
176×176
Population
200
Speed
Normal
Resources
Standard
Victory
Conquest
Starting age
Dark Age
Ending age
Imperial Age
RankedLock teamsTeams togetherTeam positionsShared explorationLock speedFull tech treeHidden civsTurbo modeCheats
Victory
Defeat
🇫🇷 Romans · France
755
+19
724
+20
🇪🇸 Koreans · Spain
878
-21
🇪🇸 Wei · Spain
767
-18
raz_mary
13:36 Feudal Age
21:33 Castle Age
19:17 Horse Collar
19:38 Double-Bit Axe
19:33 Man-at-Arms
22:15 Loom
22:16 Town Watch
22:55 Heavy Plow
24:16 Fishing Lines
26:32 Gillnets
26:33 Long Swordsman
28:57 Bow Saw
34:00 Imperial Age
32:09 Wheelbarrow
31:25 Pikeman
32:06 Squires
33:12 Forging
33:08 Scale Barding Armor
33:03 Scale Mail Armor
34:50 Hand Cart
34:28 Cavalier
35:53 Halberdier
37:34 Husbandry
37:30 Gold Mining
40:26 Gold Shaft Mining
39:44 Heavy Scorpion
41:32 Iron Casting
41:13 Chain Mail Armor
41:25 Town Patrol
41:35 Stone Mining
42:48 Chain Barding Armor
44:35 Blast Furnace
43:26 Fletching
43:36 Padded Archer Armor
43:31 Elite Centurion
44:17 Ballistas
44:33 Conscription
45:30 Comitatenses
44:41 Sappers
Error 404 Name not found
4:42 Loom
15:35 Feudal Age
18:28 Wheelbarrow
20:22 Town Watch
22:55 Castle Age
21:43 Town Watch
23:28 Double-Bit Axe
23:26 Horse Collar
23:12 Man-at-Arms
24:34 Long Swordsman
26:44 Heavy Plow
29:13 Bow Saw
29:14 Arson
33:25 Hand Cart
34:55 Town Patrol
40:42 Imperial Age
42:22 Pikeman
43:03 Squires
42:24 Two-Handed Swordsman
43:26 Halberdier
QUIEN YA TU SABES
14:15 Feudal Age
16:06 Wheelbarrow
15:19 Double-Bit Axe
15:34 Horse Collar
20:45 Gold Mining
21:59 Stone Mining
24:41 Castle Age
25:25 Bloodlines
25:25 Scale Barding Armor
25:31 Forging
25:41 Hand Cart
26:01 Bow Saw
25:55 Heavy Plow
26:19 Husbandry
25:42 Light Cavalry
27:38 Stone Shaft Mining
27:29 Chain Barding Armor
29:51 Iron Casting
30:27 Gold Shaft Mining
36:30 Ballistics
Metrallas
5:19 Loom
12:10 Feudal Age
17:41 Stone Mining
19:23 Double-Bit Axe
20:20 Fishing Lines
21:51 Wheelbarrow
25:01 Castle Age
24:28 Fletching
25:50 Bodkin Arrow
26:02 Gillnets
26:35 Bow Saw
28:24 Stone Shaft Mining
29:03 Hand Cart
30:43 Husbandry
30:04 Light Cavalry
31:30 Scale Barding Armor
34:33 Forging
34:32 Treadmill Crane
38:36 Imperial Age
41:27 Chemistry
41:26 Gold Mining
Connection lost

Rejoining the realm…

Still unreachable

The connection could not be restored.

Session expired

The server has moved on; the page needs a fresh start.